 Dungeon Crawl Stone Soup version 0.17-a0-1997-ga88ed7d (webtiles) character file.

17 Hanibal the Insei (level 2, 0/18 HPs)
             Began as an Octopode Transmuter on Oct 8, 2015.
             Slain by a goblin
             ... wielding a +0 club
              (4 damage)
             ... on level 1 of the Dungeon.
             The game lasted 00:01:07 (486 turns).

Hanibal the Insei (Octopode Transmuter)              Turns: 486, Time: 00:01:07

Health: 0/18       AC:  1    Str:  9    XL:     2   Next: 62%
Magic:  3/5        EV: 12    Int: 15    God:
Gold:   73         SH:  0    Dex: 12    Spells: 1 memorised, 4 levels left

rFire  . . .     SeeInvis .       - Unarmed
rCold  . . .     Clarity  .     (no shield)
rNeg   . . .     SustAt   .     (helmet restricted)
rPois  .         Gourm    .     (no amulet)
rElec  .         Spirit   .     (no ring)
rCorr  .         Warding  .     (no ring)
rMut   .         Stasis   .     (no ring)
MR     .....                    (no ring)
Stlth  +++.......               (no ring)
                                (no ring)
                                (no ring)
                                (no ring)

@: appendage, very slightly contaminated, not resistant to hostile enchantments,
fairly stealthy
A: almost no armour, amphibious, 8 rings, constrict 8, tentacle spike 3,
camouflage 1, gelatinous body 1
a: End Transformation


You were on level 1 of the Dungeon.
You were not hungry.
One of your tentacles had a temporary spike.
You visited 1 branch of the dungeon, and saw 1 of its levels.

You collected 73 gold pieces.

Inventory:

Missiles
 a - 12 arrows
Scrolls
 d - a scroll of remove curse {unknown}
 e - a scroll of magic mapping {unknown}
 k - a scroll of identify {unknown}
Potions
 f - a potion of brilliance {unknown}
 g - a potion of might {unknown}
 h - 2 potions of cure mutation {unknown}
 j - a potion of curing {unknown}
Books
 b - a book of Changes

   Spells                             Type                      Level
   a - Beastly Appendage              Transmutation                1
   b - Sticks to Snakes               Transmutation                2
   c - Spider Form                    Transmutation/Poison         3
   d - Ice Form                       Ice/Transmutation            4
   e - Blade Hands                    Transmutation                5
Comestibles
 c - a bread ration


   Skills:
 - Level 1.0 Fighting
 + Level 2.3 Dodging
 + Level 1.5 Stealth
 + Level 3.1 Unarmed Combat
 - Level 2.0 Spellcasting
 + Level 2.3 Transmutations


You had 4 spell levels left.
You knew the following spells:

 Your Spells              Type           Power        Failure   Level  Hunger
a - Beastly Appendage     Trmt           #.....       12%         1    #......


Dungeon Overview and Level Annotations

Branches:
Dungeon (1/15)

Altars:


Innate Abilities, Weirdness & Mutations

You cannot wear most types of armour.
You are amphibious.
You can wear up to eight rings at the same time.
You can use your tentacles to constrict eight enemies at once.
Your skin changes colour to match your surroundings (Stealth).
Your rubbery body absorbs attacks (AC +1).
One of your tentacles bears a large vicious spike.


Message History

The giant gecko misses you. x2
You tentacle-slap the giant gecko.
You kill the giant gecko!
The bat hits you.
You miss the bat. You grab the bat. Your squeeze misses the bat.
You constrict the bat, but do no damage.
The bat misses you. The bat closely misses you.
You tentacle-slap the bat.
You kill the bat!
A bat comes into view.
Found 6 gold pieces.
You barely miss the goblin. You grab the goblin. You constrict the goblin.
The goblin hits you with a club.
* * * LOW HITPOINT WARNING * * *
You are too injured to fight recklessly!
Casting: Beastly Appendage
Confirm with . or Enter, or press ? or * to list all spells.
One of your tentacles grows a vicious spike.
You constrict the goblin. The rat misses you. The goblin hits you with a club.
You die...

#.# ............##
#.##.#....####...##
#.##.##.#.###.....##
#.# .# ..#.......# #.#
.# . #........ #.# .#
..#.......# #.##.##
.........## #.....#
#.#.....### #..@#.#
...........
#...rg.....###...#)...
#.....[.#.$# #...#).#.
#>.......[ # #...#.)..
###..$#.... ## #....
......##.# #....
.....#b. .# #....
#.......##.#######.##.
#.......†>##.


You could see a goblin, a bat (sleeping) and a rat.

Vanquished Creatures
  A giant gecko (D:1)
  4 hobgoblins (D:1)
  4 jackals (D:1)
  A bat (D:1)
  A giant newt (D:1)
  A kobold (D:1)
  3 rats (D:1)
15 creatures vanquished.

Vanquished Creatures (others)
  4 toadstools (D:1)
4 creatures vanquished.

Grand Total: 19 creatures vanquished

Notes
Turn   | Place    | Note
--------------------------------------------------------------
     0 | D:1      | Hanibal the Octopode Transmuter began the quest for the Orb.
     0 | D:1      | Reached XP level 1. HP: 13/13 MP: 3/3
   214 | D:1      | Reached skill level 1 in Stealth
   214 | D:1      | Reached XP level 2. HP: 15/18 MP: 5/5
   486 | D:1      | Slain by a goblin

Vault maps used:
D:1:      ldierk_water_garden

Action                   || total
-------------------------++-------
Melee: Unarmed           ||    33
 Cast: Beastly Appendage ||     7
 Stab: Sleeping          ||     5
